 Dungeon Crawl Stone Soup version 0.31-a0-819-gf6de2f5ab6 (webtiles) character file.

Game seed: 3509438839063653486

266 greenreed the Vexing (level 6, -5/47 HPs)
             Began as a Gnoll Hexslinger on Sept 24, 2023.
             Was a Follower of Sif Muna.
             Slain by Duvessa
             ... wielding a +6 short sword of venom
              (8 damage)
             ... on level 4 of the Dungeon.
             The game lasted 00:07:17 (2797 turns).

greenreed the Vexing (Gnoll Hexslinger)             Turns: 2797, Time: 00:07:18

Health: -5/47      AC:  3    Str:  8    XL:     6   Next: 20%
Magic:  8/11       EV: 14    Int: 14    God:    Sif Muna [*.....]
Gold:   216        SH:  0    Dex: 14    Spells: 9/11 levels left

rFire   . . .        a - +1 sling
rCold   . . .        (no shield)
rNeg    . . .        c - +0 robe
rPois   .            (no helmet)
rElec   .            (no cloak)
rCorr   .            m - +0 pair of gloves
SInv    .            (no boots)
Will    .....        (no amulet)
Stlth   ++           (no ring)
HPRegen 0.27/turn    (no ring)
MPRegen 0.12/turn

%: no passive effects
@: lethally poisoned (-5 -> -31), weak-willed, jinxed
A: fangs 1, strong nose, distributed training
a: Renounce Religion, Channel Magic


You were on level 4 of the Dungeon.
You worshipped Sif Muna.
Sif Muna was aware of your devotion.
You visited 1 branch of the dungeon, and saw 4 of its levels.

You collected 216 gold pieces.

Inventory:

Hand Weapons
 a - a +1 sling (weapon)
Armour
 c - a +0 robe (worn)
 m - a +0 pair of gloves (worn)
Wands
 u - a wand of charming (2)
Scrolls
 b - 2 scrolls of poison
 d - a scroll of fog {unknown}
 e - 4 scrolls of teleportation {unknown}
 f - a scroll of revelation {unknown}
 g - 2 scrolls of blinking {unknown}
 i - 3 scrolls of identify {unknown}
 j - 2 scrolls of immolation {unknown}
 s - a scroll of torment {unknown}
Potions
 h - 3 potions of attraction {unknown}
 k - a potion of brilliance {unknown}
 l - a potion of lignification {unknown}
 n - 2 potions of heal wounds {unknown}
 o - 3 potions of might {unknown}
 p - a potion of invisibility {unknown}
 q - a potion of enlightenment {unknown}
 r - a potion of haste {unknown}
 t - a potion of mutation {unknown}
 v - 2 potions of degeneration {unknown}


   Skills:
 + Level 3.2 Fighting
 + Level 1.9 Short Blades
 + Level 1.9 Long Blades
 + Level 1.9 Axes
 + Level 1.9 Maces & Flails
 + Level 1.9 Polearms
 + Level 1.9 Staves
 + Level 4.9 Ranged Weapons
 + Level 1.9 Throwing
 + Level 1.9 Armour
 + Level 4.9 Dodging
 + Level 1.9 Stealth
 + Level 1.9 Shields
 + Level 1.9 Unarmed Combat
 + Level 3.4 Spellcasting
 + Level 1.5 Conjurations
 + Level 5.6 Hexes
 + Level 1.5 Summonings
 + Level 1.5 Necromancy
 + Level 1.5 Translocations
 + Level 1.5 Transmutations
 + Level 2.6 Fire Magic
 + Level 1.5 Ice Magic
 + Level 1.5 Air Magic
 + Level 1.5 Earth Magic
 + Level 1.5 Poison Magic
 + Level 2.1 Invocations
 + Level 1.9 Evocations
 + Level 1.7 Shapeshifting


You had 9 spell levels left.
You knew the following spells:

 Your Spells              Type           Power      Damage    Failure   Level
a - Jinxbite              Hex            36%        N/A       3%          2

Your spell library contained the following spells:

 Spells                   Type           Power      Damage    Failure   Level
 Sigil of Binding         Hex            18%        N/A       6%          3
 Tukima's Dance           Hex            18%        N/A       6%          3
 Inner Flame              Hex/Fire       13%        N/A       12%         3
 Cause Fear               Hex            9%         N/A       21%         4
 Dimensional Bullseye     Hex/Tloc       6%         N/A       43%         4
 Passage of Golubria      Tloc           6%         N/A       73%         4
 Yara's Violent Unravell  Hex/Tmut       6%         3d5       78%         5


Dungeon Overview and Level Annotations

Branches:
Dungeon (4/15)             Temple (0/1) D:4

Altars:
Sif Muna

Shops:
D:4 =

Annotations:
D:4 Dowan, Duvessa


Innate Abilities, Weirdness & Mutations

You have very sharp teeth.
Your uncanny sense of smell can sniff out nearby items.
Your experience applies equally to all skills.


Message History

You feel your willpower being sapped.
You feel sick.
Duvessa hits you with a +6 short sword of venom.
You are more poisoned.
You shoot a sling bullet.
The sling bullet hits Duvessa but does no damage.
Duvessa is moderately wounded.
A giggling sprite leaps out and smacks Duvessa with her own hand.
Duvessa is heavily wounded.
You feel very sick.
Duvessa hits you with a +6 short sword of venom! x2
You are lethally poisoned!
You are too injured to fight recklessly!
Unknown command.
Casting: Jinxbite (safe; 3% risk of failure)
Confirm with . or Enter, or press ? or * to list all spells.
Okay, then.
Fire: a) +1 sling
Press: ? - help, Q - select action, (/) - cycle Shift-Dir - straight line, f/p - Duvessa
Aim: Duvessa, wielding a +6 short sword of venom and wearing a +0 ring mail (heavily wounded, heavily drained, chance to call a sprite on attack: 60%, 68% to hit)
You shoot a sling bullet.
The sling bullet closely misses Duvessa.
The sling bullet completely misses Dowan.
A giggling sprite leaps out and smacks Duvessa with her own hand.
Duvessa is severely wounded.
You feel very sick.
Duvessa gestures with her weapon.
Duvessa hits you with a +6 short sword of venom.
* * * LOW HITPOINT WARNING * * *
You are more poisoned.
Unknown command.
Okay, then.
Okay, then.
Aiming: Charm
Press: ? - help, Shift-Dir - straight line, f/p - Duvessa
Aim: Duvessa, wielding a +6 short sword of venom and wearing a +0 ring mail (severely wounded, heavily drained, chance to call a sprite on attack: 60%, chance to affect: 62%) Duvessa resists with significant effort.
* * * LOW HITPOINT WARNING * * *
You feel extremely sick.
Duvessa hits you with a +6 short sword of venom!
You die...

#.......####.##.#O......## ##
#.####........e....# #... .#
#.####..###.###.#.##.##.## .#####
#.##......#.# ... ...... .....#
#.##.#..#.#.# .#.# ..#.## .###.#
#..†........# ##.# # .#
#.######.####e### ..... ##
#........# #e# #...# .#
#############@## #...# ##
######........# #...# #
#.............########...####
#####.......####.................
...##...................<........
##.##....†..#.##.................
.#.##.......#.##..########...####
##.#######........# #...# ##.#
####.####### #...#


You could see Duvessa (very drained) and Dowan.

Vanquished Creatures
  A black bear (D:3)
  A howler monkey (D:3)
  An orc wizard (D:3)
  3 adders
  3 worms
  3 dart slugs
  7 orcs (D:3)
  2 ball pythons
  An endoplasm (D:4)
  A goblin (D:3)
  8 hobgoblins
  4 jackals (D:4)
  9 kobolds
  8 quokkas
  5 bats
  2 frilled lizards
  4 rats
63 creatures vanquished.

Notes
Turn   | Place    | Note
-------+----------+-------------------------------------------
     0 | D:1      | greenreed the Gnoll Hexslinger began the quest for the Orb.
     0 | D:1      | Reached XP level 1. HP: 17/17 MP: 4/4
    92 | D:1      | Reached XP level 2. HP: 23/23 MP: 5/5
   322 | D:1      | Learned a level 2 spell: Jinxbite
   869 | D:2      | Found a shimmering blue altar of Sif Muna.
   873 | D:2      | Reached XP level 3. HP: 28/28 MP: 7/7
   953 | D:2      | Became a worshipper of Sif Muna the Loreminder
  1518 | D:3      | Reached skill level 1 in Invocations
  1545 | D:3      | Reached skill level 1 in Short Blades
  1545 | D:3      | Reached skill level 1 in Long Blades
  1545 | D:3      | Reached skill level 1 in Axes
  1545 | D:3      | Reached skill level 1 in Maces & Flails
  1545 | D:3      | Reached skill level 1 in Polearms
  1545 | D:3      | Reached skill level 1 in Staves
  1545 | D:3      | Reached skill level 1 in Throwing
  1545 | D:3      | Reached skill level 1 in Armour
  1545 | D:3      | Reached skill level 1 in Stealth
  1545 | D:3      | Reached skill level 1 in Shields
  1545 | D:3      | Reached skill level 1 in Unarmed Combat
  1545 | D:3      | Reached skill level 1 in Evocations
  1545 | D:3      | Reached skill level 1 in Shapeshifting
  1545 | D:3      | Reached XP level 4. HP: 31/34 MP: 5/8
  1691 | D:3      | Reached skill level 1 in Conjurations
  1691 | D:3      | Reached skill level 1 in Summonings
  1691 | D:3      | Reached skill level 1 in Necromancy
  1691 | D:3      | Reached skill level 1 in Translocations
  1691 | D:3      | Reached skill level 1 in Transmutations
  1691 | D:3      | Reached skill level 1 in Ice Magic
  1691 | D:3      | Reached skill level 1 in Air Magic
  1691 | D:3      | Reached skill level 1 in Earth Magic
  1691 | D:3      | Reached skill level 1 in Poison Magic
  1734 | D:3      | Reached XP level 5. HP: 40/40 MP: 9/9
  1757 | D:3      | Noticed a black bear
  1773 | D:3      | Killed a black bear
  1935 | D:3      | Reached XP level 6. HP: 47/47 MP: 10/10
  2235 | D:4      | Reached * piety under Sif Muna
  2439 | D:4      | Found Oxkeus's One-of-a-Kind Rings.
  2638 | D:4      | Found a staircase to the Ecumenical Temple.
  2779 | D:4      | Noticed Duvessa
  2779 | D:4      | Noticed Dowan
  2797 | D:4      | Slain by Duvessa

Illustrated notes

Levels and vault maps discovered:
D:1:      sevenhm_arrival_forest_fort_small_3, layout_rooms, dk_noncrumbling_4
D:2:      layout_loops_ring, basic_altar, grunt_ministairs_8, chequers_avenue,
          chequers_serial_rivers_large_a, minmay_split_cup_small
D:3:      layout_loops_ring, grunt_decor_fettered
D:4:      layout_loops_cross, minmay_temple_entry_junction,
          nicolae_shop_unique_rings, uniq_duvessa

Skill      XL: |  1  2  3  4  5 |
---------------+----------------+-----
Fire Magic     | 2 |  2.6
Invocations    | 1 2 |  2.1
Short Blades   | 1 |  1.9
Long Blades    | 1 |  1.9
Axes           | 1 |  1.9
Maces & Flails | 1 |  1.9
Polearms       | 1 |  1.9
Staves         | 1 |  1.9
Throwing       | 1 |  1.9
Armour         | 1 |  1.9
Stealth        | 1 |  1.9
Shields        | 1 |  1.9
Unarmed Combat | 1 |  1.9
Spellcasting   | 3 |  3.4
Evocations     | 1 |  1.9
Shapeshifting  | 1 |  1.7
Conjurations   | 1 |  1.5
Summonings     | 1 |  1.5
Necromancy     | 1 |  1.5
Translocations | 1 |  1.5
Transmutations | 1 |  1.5
Ice Magic      | 1 |  1.5
Air Magic      | 1 |  1.5
Earth Magic    | 1 |  1.5
Poison Magic   | 1 |  1.5
Fighting       | 3 |  3.2
Ranged Weapons | |  4.9
Dodging        | |  4.9
Hexes          | |  5.6

Action                     |  1- 3 |  4- 6 || total
---------------------------+-------+-------++-------
   Fire: Sling             |    97 |   124 ||   221
   Cast: Jinxbite          |     3 |     6 ||     9
  Evoke: Wand              |       |     1 ||     1
 Armour: Robe              |    21 |    46 ||    67
  Dodge: Dodged            |    23 |    68 ||    91

Table legend: (Time is in decaauts)
 A = Elapsed time spent in this place.
 B = Non-inter-level travel time spent in this place.
 C = Inter-level travel time spent in this place.
 D = Time resting spent in this place.
 E = Time spent auto-exploring this place.
 F = Levels seen in this place.
 G = Mean time per level.
                   A        B        C        D        E       F      G
               +--------+--------+--------+--------+--------+-----+--------+
         Total |   2842 |   2686 |    156 |      0 |   2267 |   4 |  710.5 |
       Dungeon |   2842 |   2686 |    156 |      0 |   2267 |   4 |  710.5 |
               +--------+--------+--------+--------+--------+-----+--------+

Top non-repeatable levels by time:
     D:2: 881 daAuts
     D:3: 862 daAuts
     D:4: 582 daAuts
     D:1: 516 daAuts
